 Dungeon Crawl Stone Soup version 0.22.1-2-g9c5b331383 (webtiles) character file.

51 Gargoyl the Skirmisher (level 3, -4/33 HPs)
             Began as a Centaur Abyssal Knight on Jan 2, 2019.
             Was a Follower of Lugonu.
             Slain by a gnoll
             ... wielding a +0 halberd
              (6 damage)
             ... on level 3 of the Dungeon.
             The game lasted 00:03:38 (2328 turns).

Gargoyl the Skirmisher (Centaur Abyssal Knight)     Turns: 2328, Time: 00:03:40

Health: -4/33      AC:  5    Str: 14    XL:     3   Next: 58%
Magic:  4/4        EV:  5    Int: 11    God:    Lugonu [*.....]
Gold:   175        SH:  0    Dex: 11    Spells: 2/2 levels left

rFire    . . .     SeeInvis +   a - +1 hand axe
rCold    . . .     Gourm    .   (no shield)
rNeg     . . .     Faith    .   b - +1 leather armour
rPois    +         Spirit   .   (no helmet)
rElec    .         Reflect  .   (no cloak)
rCorr    .         Harm     .   (no gloves)
MR       .....                  (no barding)
Stlth    +.........             (no amulet)
HPRegen  0.11/turn              f - ring of Wu Jian's Wrath {rPois Dex+2 SInv}
MPRegen  0.09/turn              (no ring)

@: flying, held, hasted, very quick
A: large, hooves 3, deformed body, speed 2, tough skin 3
a: Depart the Abyss, Renounce Religion


You were on level 3 of the Dungeon.
You worshipped Lugonu.
Lugonu was aware of your devotion.
You were very hungry.

You visited 1 branch of the dungeon, and saw 3 of its levels.
You visited the Abyss 1 time.

You collected 175 gold pieces.

Inventory:

Hand Weapons
 a - a +1 hand axe (weapon)
Armour
 b - a +1 leather armour (worn)
Jewellery
 f - the ring of Wu Jian's Wrath (left hand) {rPois Dex+2 SInv}
   (You found it on level 3 of the Abyss)

   [ring of dexterity]

   It affects your dexterity (+2).
   It protects you from poison.
   It lets you see invisible.
Wands
 e - a wand of paralysis (11)
Scrolls
 g - a scroll of fear
 h - a scroll of remove curse
 j - a scroll of identify
Potions
 l - a potion of lignification {unknown}
 n - a potion of magic {unknown}
Comestibles
 c - 6 rations


   Skills:
 + Level 3.7 Fighting
 + Level 2.0 Axes
 * Level 1.9 Armour
 + Level 0.7 Dodging
 * Level 2.5 Invocations


You had 2 spell levels left.
You didn't know any spells.
Your spell library was empty.

Dungeon Overview and Level Annotations

Branches:
Dungeon (3/15)

Altars:
Nemelex Xobeh


Innate Abilities, Weirdness & Mutations

You have hooves in place of feet.
Armour fits poorly on your strangely shaped body.
You cover ground very quickly.
You have extremely tough skin. (AC +3)


Message History

You struggle against the net.
The gnoll hits you from afar with a spear.
The gnoll hits you with a spear of piercing!
The gnoll hits you from afar with a spear.
* * * LOW HITPOINT WARNING * * *
Unknown command.
You struggle against the net.
The gnoll barely misses you.
Unknown command.
You struggle against the net.
The gnoll hits you but does no damage.
The gnoll hits you with a spear of piercing.
* * * LOW HITPOINT WARNING * * *
x2 The gnoll hits you but does no damage.
Unknown command.
It was a potion of flight.
You feel very buoyant.
You fly up into the air.
The gnoll hits you from afar with a spear.
* * * LOW HITPOINT WARNING * * *
The gnoll hits you from afar with a halberd.
You die...

## ##.##
##...##
#...@.#
#....g..#
.......ggg.#
.##.......##
##......#
#....#.#
#.#..#.#
#.##.#.#


You could see 4 gnolls.

Vanquished Creatures
  A gnoll (D:1)
  2 dart slugs
  2 leopard geckos
  2 giant cockroaches (D:2)
  4 goblins
  5 hobgoblins
  3 jackals (D:1)
  A quokka (D:2)
  A ball python (D:1)
  3 bats
  A frilled lizard (D:1)
  6 kobolds
  3 rats
34 creatures vanquished.

Notes
Turn   | Place    | Note
-------+----------+-------------------------------------------
     0 | Abyss:1  | Gargoyl the Centaur Abyssal Knight began the quest for the
                  | Orb.
     0 | Abyss:1  | Reached XP level 1. HP: 19/19 MP: 2/2
    37 | Abyss:1  | Noticed a freezing wraith
    65 | Abyss:1  | Noticed an ancient zyme
   121 | Abyss:3  | Noticed a starcursed mass
   153 | Abyss:3  | Got an ancient silver ring
   154 | Abyss:3  | Identified the ring of Wu Jian's Wrath {rPois Dex+2 SInv}
                  | (You found it on level 3 of the Abyss)
   157 | Abyss:3  | Noticed a large abomination
   160 | Abyss:3  | Noticed a starcursed mass
   163 | D:1      | Escaped the Abyss
   460 | D:1      | Reached * piety under Lugonu
   460 | D:1      | Reached XP level 2. HP: 25/26 MP: 3/3
  1212 | D:1      | Reached XP level 3. HP: 17/33 MP: 4/4
  2098 | D:2      | Found a sparkling altar of Nemelex Xobeh.
  2328 | D:3      | Slain by a gnoll

Skill      XL: |  1  2  3 |
---------------+----------+-----
Axes           | 2 |  2.0
Fighting       | |  3.7
Armour         | |  1.9
Dodging        | |  0.7
Invocations    | |  2.5

Action                   || total
-------------------------++-------
Melee: Hand axe          ||   109
       Kick              ||    19
Invok: Depart the Abyss  ||     1
  Use: Scroll            ||     8
       Potion            ||     2
  Eat: Chunk             ||     2
Armor: Leather armour    ||    64
Dodge: Dodged            ||    55
